 Dungeon Crawl Stone Soup version 0.24.0-123-gd5b16e6ec5 (webtiles) character file.

Game seed: 9782810332748006544, levelgen mode: deterministic

255 manon the Insei (level 6, -3/52 HPs)
             Began as a Naga Transmuter on Jan 21, 2020.
             Slain by a killer bee (5 damage)
             ... on level 5 of the Dungeon.
             The game lasted 00:33:13 (4734 turns).

manon the Insei (Naga Transmuter)                   Turns: 4734, Time: 00:33:13

Health: -3/52      AC:  5    Str: 12    XL:     6   Next: 15%
Magic:  2/10       EV: 10    Int: 14    God:
Gold:   200        SH:  0    Dex: 13    Spells: 0/11 levels left

rFire    . . .     SeeInvis +     - Unarmed
rCold    . . .     Gourm    .   (no shield)
rNeg     . . .     Faith    .   j - +1 robe (curse)
rPois    +         Spirit   .   (no helmet)
rElec    .         Reflect  .   p - +0 cloak
rCorr    .         Harm     .   (no gloves)
MR       .....                  (no barding)
Stlth    ++........             (no amulet)
HPRegen  0.17/turn              (no ring)
MPRegen  0.12/turn              (no ring)

@: appendage, very slow
A: large, horns 2, see invisible, deformed body, poison resistance, slowness 2,
slow metabolism 1, spit poison 1, AC +2
a: Spit Poison, End Transformation


You were on level 5 of the Dungeon.
You were hungry.
You had grown temporary horns.
You visited 1 branch of the dungeon, and saw 5 of its levels.

You collected 200 gold pieces.

Inventory:

Hand Weapons
 b - a +0 hunting sling
 y - a +2 dagger of freezing
Missiles
 a - 68 arrows
 c - 85 stones
 g - 7 boomerangs
 h - 49 sling bullets
 o - 58 bolts
 v - 9 poisoned darts (quivered)
Armour
 j - a cursed +1 robe (worn)
 p - a +0 cloak (worn)
 r - a +0 robe
 x - a +0 leather armour
Wands
 e - a wand of random effects (17)
 t - a wand of digging (3)
Scrolls
 f - a scroll of blinking
 i - a scroll of enchant weapon {unknown}
 l - 2 scrolls of teleportation
 n - 6 scrolls of remove curse
 u - a scroll of random uselessness
Potions
 k - a potion of agility {unknown}
 m - a potion of curing {unknown}
 s - a potion of lignification {unknown}
 w - a potion of haste {unknown}
Comestibles
 d - 9 rations


   Skills:
 - Level 2.1 Fighting
 + Level 1.8 Dodging
 + Level 3.4 Stealth
 * Level 3.9 Unarmed Combat
 + Level 3.0 Spellcasting
 + Level 3.0 Transmutations
 + Level 2.4 Poison Magic


You couldn't memorise any spells.
You knew the following spells:

 Your Spells              Type           Power        Failure   Level  Hunger
a - Beastly Appendage     Tmut           ##....       6%          1    #......
b - Blade Hands           Tmut           ##........   86%         5    ######.
c - Spider Form           Tmut/Pois      #.........   21%         3    ###....
s - Sticks to Snakes      Tmut           ##......     9%          2    ##.....

Your spell library contained the following spells:

 Spells                   Type           Power        Failure   Level  Hunger
 Ice Form                 Ice/Tmut       #.......     75%         4    #####..


Dungeon Overview and Level Annotations

Branches:
Dungeon (5/15)
 Temple: D:4-7

Altars:

Annotations:
D:3 Grinder, Ijyb, Sigmund


Innate Abilities, Weirdness & Mutations

You cannot wear boots.
Your serpentine skin is tough. (AC +2)
You have supernaturally acute eyesight. (SInv)
Armour fits poorly on your strangely shaped body.
Your system is resistant to poisons. (rPois)
You cover ground very slowly.
You have a slow metabolism.
You can spit poison.
You have a pair of horns on your head.


Message History

The killer bee is lightly wounded.
The killer bee misses you. The killer bee barely misses you.
The killer bee closely misses you.
The killer bee barely misses your adder.
The killer bee stings you.
* * * LOW HITPOINT WARNING * * *
The killer bee barely misses you. x2
Your adder barely misses the killer bee.
The killer bee stings you but does no damage.
The killer bee closely misses your adder.
As you read the scroll labeled GIUSHO IGAOCO, it crumbles to dust.
It is a scroll of enchant armour.
Your cursed +0 robe glows green for a moment.
The killer bee closely misses you. The killer bee barely misses you. x2
The killer bee stings you.
* * * LOW HITPOINT WARNING * * *
The killer bee stings your adder.
Your adder dies!
The killer bee barely misses you. x2; The killer bee stings you.
You die...

...............
................
............)...
..(.......(......
.........o.......
........†........#
........ay.......#
........yy.......#
....(...y@....<..#
........y........#
.................#
.................#
.?.......[.......#
.................#
.................#
.................#
###...#..........#


You could see a worker ant, 5 killer bees and an orc.

Vanquished Creatures
  A hound skeleton (D:4)
  2 gnolls (D:3)
  8 adders
  2 oozes (D:3)
  An adder zombie (D:3)
  2 worms (D:3)
  2 dart slugs
  2 leopard geckos
  11 orcs
  2 ball pythons
  2 giant cockroaches
  3 goblins
  6 hobgoblins
  11 jackals
  A quokka (D:2)
  13 bats
  4 frilled lizards
  9 kobolds
  A quokka skeleton (D:4)
  5 rats
88 creatures vanquished.

Vanquished Creatures (collateral kills)
  Jessica (D:3)
  A gnoll (D:3)
  An adder (D:3)
  An adder zombie (D:5)
  A worm (D:3)
  2 orcs (D:3)
  2 jackals (D:3)
  2 kobolds (D:3)
  A quokka zombie (D:5)
12 creatures vanquished.

Grand Total: 100 creatures vanquished

Notes
Turn   | Place    | Note
-------+----------+-------------------------------------------
     0 | D:1      | manon the Naga Transmuter began the quest for the Orb.
     0 | D:1      | Reached XP level 1. HP: 18/18 MP: 3/3
   249 | D:1      | Reached XP level 2. HP: 20/25 MP: 3/5
   326 | D:1      | Reached skill level 1 in Stealth
   788 | D:1      | Learned a level 2 spell: Sticks to Snakes
  1018 | D:2      | Reached XP level 3. HP: 20/31 MP: 4/6
  1752 | D:2      | Reached XP level 4. HP: 38/39 MP: 7/7
  2315 | D:3      | Noticed Grinder
  2376 | D:3      | Learned a level 3 spell: Spider Form
  2548 | D:3      | Reached skill level 1 in Poison Magic
  2745 | D:3      | Reached XP level 5. HP: 34/45 MP: 7/9
  3140 | D:3      | Noticed Jessica
  3150 | D:3      | Killed Jessica
  3152 | D:3      | Noticed Sigmund
  3908 | D:3      | Reached XP level 6. HP: 52/52 MP: 10/10
  3953 | D:3      | Noticed Ijyb
  4089 | D:4      | Learned a level 5 spell: Blade Hands
  4225 | D:4      | Noticed a phantom
  4241 | D:4      | Noticed a phantom
  4386 | D:4      | HP: 1/52 [orc wizard/magic dart (5)]
  4399 | D:5      | Entered Level 5 of the Dungeon
  4734 | D:5      | HP: 2/52 [killer bee (5)]
  4734 | D:5      | Slain by a killer bee

Levels and vault maps discovered:
D:1:      evilmike_arrival_fibonacci_small, layout_loops_ring
D:2:      layout_loops_ring, first_ration, serial_bayou_pond_d
D:3:      minmay_recursive_quarters, layout_basic, uniq_grinder, uniq_sigmund,
          uniq_jessica, uniq_ijyb
D:4:      layout_basic, minmay_temple_entry_drinking_statues
D:5:      black_bear_nest_1, layout_basic, serial_shops, shop, serial_curves,
          eino_curves_03, eino_curves_03, eino_curves_01, eino_curves_04,
          minmay_starry_boxes, uniq_prince_ribbit1, uniq_pikel,
          uniq_blork_the_orc

Skill      XL: |  1  2  3  4  5  6 |
---------------+-------------------+-----
Stealth        | 1 2 3 |  3.4
Fighting       | 2 |  2.1
Poison Magic   | 1 2 |  2.4
Transmutations | 3 |  3.0
Spellcasting   | 3 |  3.0
Dodging        | |  1.8
Unarmed Combat | |  3.9

Action                   |  1- 3 |  4- 6 || total
-------------------------+-------+-------++-------
Melee: Unarmed           |   114 |   194 ||   308
       Headbutt          |    11 |    17 ||    28
       Punch             |     1 |     3 ||     4
 Fire: Hunting sling     |       |    76 ||    76
Throw: Stone             |     9 |       ||     9
       Boomerang         |    19 |    18 ||    37
       Dart              |       |    10 ||    10
 Cast: Beastly Appendage |    14 |    23 ||    37
       Sticks to Snakes  |       |    22 ||    22
 Abil: Spit Poison       |       |     1 ||     1
  Use: Potion            |       |     3 ||     3
       Scroll            |       |     7 ||     7
 Stab: Invisible         |       |     2 ||     2
       Sleeping          |       |     1 ||     1
  Eat: Chunk             |     2 |     5 ||     7
       Ration            |       |     1 ||     1
Armor: Robe              |    40 |    61 ||   101
Dodge: Dodged            |    85 |   154 ||   239
